 Dungeon Crawl Stone Soup version 0.28.0-45-g0d030f2227 (webtiles) character file.

Game seed: 4971928118712344836

1065 Icepheonix32 the Covered (level 8, -8/61 HPs)
             Began as a Demonspawn Fighter on Apr 6, 2022.
             Was a Follower of Okawaru.
             Mangled by Maggie
             ... wielding a +0 glaive of flaming
              (13 damage)
             ... on level 6 of the Dungeon.
             The game lasted 00:07:54 (4628 turns).

Icepheonix32 the Covered (Demonspawn Fighter)       Turns: 4628, Time: 00:07:55

Health: -8/61      AC: 10    Str: 18    XL:     8   Next: 6%
Magic:  8/8        EV: 12    Int: 13    God:    Okawaru [*.....]
Gold:   171        SH:  5    Dex: 16    Spells: 7/7 levels left

rFire   . . .      SeeInvis .   n - +2 whip (elec)
rCold   . . .      Faith    .   c - +0 buckler
rNeg    . . .      Spirit   .   r - +0 troll leather armour
rPois   .          Reflect  .   (helmet restricted)
rElec   .          Harm     .   h - +0 cloak
rCorr   .          Rampage  .   (no gloves)
Will    .....                   (no boots)
Stlth   +++.......              (no amulet)
HPRegen 1.00/turn               t - +4 ring of protection
MPRegen 0.11/turn               (no ring)

@: about to teleport, mesmerised, hasted (expiring), very quick
A: antennae 1, powered by pain 1, big brain 1, talons 1, thin skeletal structure
1, agile 1
a: Renounce Religion, Heroism


You were on level 6 of the Dungeon.
You worshipped Okawaru.
Okawaru was aware of your devotion.
You visited 2 branches of the dungeon, and saw 7 of its levels.

You collected 249 gold pieces.
You spent 78 gold pieces at shops.

Inventory:

Hand Weapons
 a - a +0 long sword
 n - a +2 whip of electrocution (weapon)
 G - a +2 whip of freezing
Missiles
 y - 6 javelins
 B - 2 boomerangs
 C - 6 atropa-tipped darts (quivered)
 H - 2 poisoned darts
Armour
 b - a +0 scale mail
 c - a +0 buckler (worn)
 h - a +0 cloak (worn)
 o - a +0 helmet
 r - a +0 troll leather armour (worn)
 v - a scarf of shadows
Jewellery
 i - an amulet of magic regeneration
 q - a ring of fire
 t - a +4 ring of protection (left hand)
Wands
 w - a wand of digging (3)
Scrolls
 d - a scroll of blinking {unknown}
 e - a scroll of brand weapon {unknown}
 f - 2 scrolls of teleportation
 j - 2 scrolls of fear {unknown}
 k - 4 scrolls of identify {unknown}
 l - 2 scrolls of holy word {unknown}
 m - a scroll of vulnerability {unknown}
 p - a scroll of immolation {unknown}
 s - 3 scrolls of enchant armour {unknown}
 A - a scroll of acquirement {unknown}
 E - a scroll of magic mapping {unknown}
Potions
 g - 3 potions of lignification
 z - a potion of degeneration


   Skills:
 + Level 4.3 Fighting
 - Level 2.0 Long Blades
 + Level 4.0 Maces & Flails
 + Level 0.6 Throwing
 * Level 5.9 Armour
 + Level 2.3 Dodging
 + Level 1.0 Stealth
 + Level 3.9 Shields


You had 7 spell levels left.
You didn't know any spells.
Your spell library contained the following spells:

 Spells                   Type           Power      Damage    Failure   Level
 Apportation              Tloc           0%         N/A       43%         1
 Portal Projectile        Hex/Tloc       0%         N/A       80%         3
 Leda's Liquefaction      Hex/Erth       0%         N/A       99%         4
 Alistair's Intoxication  Tmut/Pois      0%         N/A       100%        5
 Call Canine Familiar     Summ           Unusable   N/A       N/A         3

Dungeon Overview and Level Annotations

Branches:
Dungeon (6/15)             Temple (1/1) D:5

Altars:
Ashenzari
Cheibriados
Dithmenos
Elyvilon
Fedhas
Gozag
Hepliaklqana
Kikubaaqudgha
Makhleb
Nemelex Xobeh
Okawaru
Qazlal
Ru
Sif Muna
Trog
Uskayaw
Vehumet
Wu Jian
Xom
Yredelemnul
The Shining One

Shops:
D:2 *:!*

Annotations:
D:6 Maggie


Innate Abilities, Weirdness & Mutations

You have a pair of small antennae on your head.
You sometimes gain a little power by taking damage.
You have an unusually large brain. (Int +2)
You have sharp toenails.
You have a somewhat thin skeletal structure. (Dex +2, Stealth+)
You are agile. (Dex +2)


Message History

The orc hits you but does no damage.
Things that are here:
a +0 dagger; a +0 robe You're too confused to move!
Maggie misses you. Something hits you.
* * * LOW HITPOINT WARNING * * *
Maggie gestures wildly while chanting.
Maggie draws you further into her thrall.
Unknown command.
Something hits you but does no damage.
Okay, then.
Your extra speed is starting to run out.
Found a ring mail.
You feel less confused.
A puff of flame appears from out of thin air!
The puff of flame misses you.
As you read the scroll of teleportation, it crumbles to dust.
You feel strangely unstable.
Maggie gestures wildly while chanting.
Maggie draws you further into her thrall.
Unknown command.
You hit the orc. You claw the orc.
You kill the orc!
Okawaru accepts your kill.
Unknown command.
Maggie points at you and mumbles some strange words.
The bolt of fire hits you!
* * * LOW HITPOINT WARNING * * *
Unknown command.
Okay, then.
Found a leather armour.
Maggie closely misses you.
Unknown command.
You swing at nothing.
Something hits you but does no damage.
You miss something. Your kick misses something. Maggie barely misses you.
Something hits you.
* * * LOW HITPOINT WARNING * * *
Unknown command.
You miss something.
Maggie hits you from afar with a +0 glaive of flaming!
You die...

...# ... . #### ### ...
.[ ...# #.# #.##. ..##
#.# #... #.## #.#
###.### ### #..# #.#
##.....#.... ##.#
#.###...@....... #.#
#.##..){........ #.##
##.##..@)........ #.†#
##.......)........
##.###...##..).........
###...#.#.#...##.|......
.........###?#.##......[
###.##..## ##.#.##.#..$.
....##### # #.### ##


You could see Maggie (mesmerising).

Vanquished Creatures
  A troll (D:5)
  A black bear (D:4)
  A necrophage (D:5)
  A centaur (D:6)
  A kobold brigand (D:5)
  A water moccasin skeleton (D:6)
  2 centaur zombies (D:5)
  4 bullfrog skeletons
  A centaur skeleton (D:6)
  3 iguanas
  2 orc wizards
  A hound skeleton (D:5)
  2 adders (D:4)
  3 gnolls (D:4)
  2 dart slugs
  6 orcs
  4 ball pythons
  3 endoplasms
  3 giant cockroaches
  5 goblins
  6 hobgoblins
  10 jackals
  8 kobolds
  5 quokkas
  2 bats
  7 rats
85 creatures vanquished.

Vanquished Creatures (others)
  An orc (D:6)
1 creature vanquished.

Grand Total: 86 creatures vanquished

Notes
Turn   | Place    | Note
-------+----------+-------------------------------------------
     0 | D:1      | Icepheonix32 the Demonspawn Fighter began the quest for the
                  | Orb.
     0 | D:1      | Reached XP level 1. HP: 18/18 MP: 1/1
   165 | D:1      | Found a faded altar of an unknown god.
   234 | D:1      | Gained mutation: You sometimes gain a little power by
                  | taking damage. [demonic ancestry]
   234 | D:1      | Reached XP level 2. HP: 23/24 MP: 2/2
   641 | D:2      | Found Tyit's General Store.
   951 | D:2      | Reached skill level 3 in Armour
   989 | D:2      | Reached XP level 3. HP: 29/29 MP: 3/3
  1075 | D:2      | Found Ekoyteff's Book Shoppe.
  1084 | D:2      | Found Lasirorph's Assorted Antiques.
  1124 | D:2      | Found Opniorgh's Distillery.
  1134 | D:2      | Bought a potion of heal wounds for 65 gold pieces
  2106 | D:3      | Reached XP level 4. HP: 31/35 MP: 4/4
  2179 | D:3      | Reached skill level 1 in Maces & Flails
  2179 | D:3      | Reached skill level 1 in Dodging
  2425 | D:2      | Bought a potion of degeneration for 13 gold pieces
  2704 | D:4      | Gained mutation: You have a pair of small antennae on your
                  | head. [demonic ancestry]
  2704 | D:4      | Reached XP level 5. HP: 15/41 MP: 5/5
  3189 | D:4      | Reached skill level 4 in Armour
  3420 | D:5      | Entered Level 5 of the Dungeon
  3420 | D:5      | Noticed a black bear
  3433 | D:4      | Killed a black bear
  3434 | D:4      | Reached XP level 6. HP: 44/47 MP: 6/6
  3606 | D:5      | Noticed a troll
  3624 | D:5      | HP: 2/48 [troll (7)]
  3627 | D:5      | Killed a troll
  3628 | D:5      | Reached skill level 5 in Armour
  3628 | D:5      | Gained mutation: You have an unusually large brain. (Int
                  | +2) [demonic ancestry]
  3628 | D:5      | Reached XP level 7. HP: 5/53 MP: 7/7
  3979 | D:5      | Found a staircase to the Ecumenical Temple.
  4004 | Temple   | Entered the Ecumenical Temple
  4072 | Temple   | Became a worshipper of Warmaster Okawaru
  4562 | D:6      | Noticed Maggie
  4577 | D:6      | Reached * piety under Okawaru
  4590 | D:6      | Reached skill level 1 in Stealth
  4590 | D:6      | Reached XP level 8. HP: 22/61 MP: 8/8
  4590 | D:6      | Gained mutation: You have sharp toenails. [potion of
                  | mutation]
  4590 | D:6      | Gained mutation: You have a somewhat thin skeletal
                  | structure. (Dex +2, Stealth+) [potion of mutation]
  4590 | D:6      | Gained mutation: You are agile. (Dex +2) [potion of
                  | mutation]
  4628 | D:6      | Mangled by Maggie

Illustrated notes

Levels and vault maps discovered:
D:1:      pf_arrival_petrified_forest, layout_basic,
          hellmonk_ecumenical_altar_run_dry, minmay_crystal_water
D:2:      minmay_door_path, layout_loops_ring, serial_shops,
          nicolae_square_shop, shop, nicolae_square_shop, nicolae_shop_crystal
D:3:      layout_basic
D:4:      layout_gridville, minmay_misc_feat_hallway
D:5:      layout_rooms, minmay_temple_entry_glassed_door
D:6:      minmay_inner_zag, layout_rooms, nicolae_zen_rock_garden,
          kennysheep_windowed_goal, uniq_maggie
Temple:   grunt_wide_crystal_templ

Skill      XL: |  1  2  3  4  5  6  7 |
---------------+----------------------+-----
Long Blades    | 2 |  2.0
Shields        | 3 |  3.9
Armour         | 3 4 5 |  5.9
Maces & Flails | 1 2 4 |  4.0
Dodging        | 1 2 |  2.3
Fighting       | 4 |  4.3
Stealth        | 1 |  1.0
Throwing       | |  0.6

Action                   |  1- 3 |  4- 6 |  7- 9 || total
-------------------------+-------+-------+-------++-------
Melee: Long sword        |    60 |       |       ||    60
       Whip              |    68 |    94 |   100 ||   262
       Kick              |       |       |     1 ||     1
Throw: Boomerang         |       |     3 |       ||     3
       Javelin           |       |     2 |       ||     2
       Dart              |       |     3 |       ||     3
  Use: Potion            |     1 |     2 |     6 ||     9
       Scroll            |       |       |     2 ||     2
Armor: Scale mail        |    78 |    85 |       ||   163
       Skin              |       |       |   102 ||   102
       Troll leather arm |       |       |    36 ||    36
Dodge: Dodged            |    58 |    60 |    56 ||   174
Block: Buckler           |    25 |    24 |    41 ||    90
